 Dungeon Crawl Stone Soup version 0.31-a0-851-g7ff8af7 (webtiles) character file.

Game seed: 14403474872874290207

1989077 BarneyGumball the Skullcrusher (level 26, 229/229 HPs)
             Began as a Black Draconian Artificer on Oct 5, 2023.
             Was an Initiate of Gozag.
             Escaped with the Orb
             ... and 4 runes!
             The game lasted 06:46:15 (89525 turns).

BarneyGumball the Skullcrusher (DrAr)              Turns: 89525, Time: 06:46:16

Health: 229/229    AC: 18    Str: 46    XL:     26   Next: 21%
Magic:  27/27      EV: 30    Int: 18    God:    Gozag
Gold:   3041       SH: 23    Dex: 26    Spells: 20/31 levels left

rFire   + + +        t - +9 eveningstar "Beetlebane" {spect, Will+ Str+3 Int-2}
rCold   + + .        K - +2 shield of Resistance {rF++ rC++ Will++}
rNeg    . . .        (body armour unavailable)
rPois   +            k - +1 hat of the Original Sin {Str+3 Int+5 Dex+3}
rElec   +            o - scarf of Wariness {repulsion, rF++ rC+ Str+4}
rCorr   +            n - +2 pair of gloves {Str+3}
SInv    +            v - +1 pair of boots {rampage}
Will    ++++.        R - amulet of reflection
Stlth   ++           q - ring of Nisye {rPois rC- Str+2 Int+2 Dex+6}
HPRegen 0.58/turn    a - ring of Soilued {rCorr Str+6 Dex+3 SInv Stlth+}
MPRegen 0.20/turn

%: repel missiles, reflection, rampage
@: flying, studying Axes
A: breathe lightning, AC +12, unfitting armour, big wings, electricity
resistance, cold-blooded, thin skeletal structure 1, frail 1, subdued magic 1,
inability to read after injury 1
0: Orb of Zot
}: 4/15 runes: decaying, slimy, abyssal, gossamer
a: Breathe Lightning, Renounce Religion, Potion Petition, Call Merchant, Bribe
Branch


You escaped.
You worshipped Gozag.
Gozag was most pleased with you.
You visited 10 branches of the dungeon, and saw 51 of its levels.
You visited the Abyss 2 times.
You also visited: Trove and Bailey.

You collected 30584 gold pieces.
You spent 13098 gold pieces at shops.
You paid 14445 gold pieces to Gozag.

Inventory:

Hand Weapons
 t - the +9 eveningstar "Beetlebane" (weapon) {spect, Will+ Str+3 Int-2}
   (You found it in a treasure trove)

   Str+3:     It affects your strength (+3).
   Int-2:     It affects your intelligence (-2).
   Will+:     It increases your willpower.
Missiles
 x - 15 poisoned darts (quivered)
 y - 20 curare-tipped darts
 D - 5 javelins
 S - 12 silver javelins
 V - a throwing net
Armour
 d - the +4 dragonskin cloak
   (You took it off Tiamat on level 2 of the Realm of Zot)

   Avatar's Aegis: It grants the wearer a chance to resist fire, cold, poison,
   electricity, acid, and negative energy.
 k - the +1 hat of the Original Sin (worn) {Str+3 Int+5 Dex+3}
   (You found it on level 3 of the Elven Halls)

   Str+3:     It affects your strength (+3).
   Int+5:     It affects your intelligence (+5).
   Dex+3:     It affects your dexterity (+3).
 n - a +2 pair of gloves of strength (worn)
 o - the scarf of Wariness (worn) {repulsion, rF++ rC+ Str+4}
   (You bought it in a shop on level 12 of the Dungeon)

   Str+4:     It affects your strength (+4).
   rF++:      It greatly protects you from fire.
   rC+:       It protects you from cold.
 v - a +1 pair of boots of rampaging (worn)
 K - the +2 shield of Resistance (worn) {rF++ rC++ Will++}
   (You bought it in a shop on level 1 of the Depths)

   rF++:      It greatly protects you from fire.
   rC++:      It greatly protects you from cold.
   Will++:    It greatly increases your willpower.
Jewellery
 a - the ring of Soilued (right hand) {rCorr Str+6 Dex+3 SInv Stlth+}
   (You bought it in a shop on level 3 of the Depths)

   [ring of strength]

   Str+6:     It affects your strength (+6).
   Dex+3:     It affects your dexterity (+3).
   SInv:      It lets you see invisible.
   rCorr:     It protects you from acid and corrosion.
   Stlth+:    It makes you more stealthy.
 q - the ring of Nisye (left hand) {rPois rC- Str+2 Int+2 Dex+6}
   (You took it off a deep elf master archer on level 3 of the Elven Halls)

   [ring of dexterity]

   Str+2:     It affects your strength (+2).
   Int+2:     It affects your intelligence (+2).
   Dex+6:     It affects your dexterity (+6).
   rC-:       It makes you vulnerable to cold.
   rPois:     It protects you from poison
 A - the ring of the Hare {EV+10}
   (You bought it in a shop on level 1 of the Elven Halls)

   [ring of evasion]

   EV+10:     It affects your evasion (+10).
 R - an amulet of reflection (around neck)
Wands
 c - a wand of charming (87)
 B - a wand of flame (65)
 E - a wand of polymorph (40)
 L - a wand of mindburst (3)
 N - a wand of roots (25)
 W - a wand of digging (26)
 X - a wand of quicksilver (4)
Scrolls
 f - 10 scrolls of fog
 g - 10 scrolls of vulnerability
 j - 16 scrolls of teleportation
 p - a scroll of brand weapon
 u - 2 scrolls of torment
 F - 4 scrolls of fear
 G - 2 scrolls of silence
 H - 2 scrolls of immolation
 J - 3 scrolls of blinking
 T - 5 scrolls of amnesia
 Y - 8 scrolls of poison
 Z - 2 scrolls of butterflies
Potions
 b - 2 potions of resistance
 e - 6 potions of mutation
 h - 8 potions of lignification
 i - a potion of berserk rage
 l - a potion of magic
 m - 4 potions of heal wounds
 r - 7 potions of curing
 s - a potion of might
 w - 2 potions of haste
 z - 4 potions of enlightenment
 C - 8 potions of attraction
 I - 4 potions of ambrosia
 M - 6 potions of invisibility
 O - a potion of cancellation
 U - 6 potions of brilliance
Miscellaneous
 P - a phantom mirror


   Skills:
 + Level 24.3 Fighting
 - Level 3.8(18.4) Axes
 O Level 27 Maces & Flails
 - Level 13.0 Throwing
 + Level 18.3 Dodging
 - Level 5.0 Stealth
 - Level 15.0 Shields
 - Level 3.0 Spellcasting
 - Level 10.1 Translocations
 - Level 5.0 Transmutations
 - Level 15.0 Evocations
 - Level 10.0 Shapeshifting


You had 20 spell levels left.
You knew the following spells:

 Your Spells              Type           Power      Damage    Failure   Level
a - Blink                 Tloc           60%        N/A       1%          2
b - Apportation           Tloc           60%        N/A       1%          1
c - Manifold Assault      Tloc           30%        N/A       2%          4
d - Passage of Golubria   Tloc           30%        N/A       2%          4

Your spell library contained the following spells:

 Spells                   Type           Power      Damage    Failure   Level
 Lesser Beckoning         Tloc           60%        N/A       1%          2
 Gell's Gravitas          Tloc           30%        N/A       1%          3
 Teleport Other           Tloc           30%        N/A       1%          3
 Wereblood                Tmut           15%        N/A       2%          2
 Sting                    Tmut/Pois      36%        1d4       5%          1
 Volatile Blastmotes      Fire/Tloc      32%        2d12      6%          3
 Foxfire                  Conj/Fire      8%         2x1d4     17%         1
 Magic Dart               Conj           8%         1d3       17%         1
 Necrotise                Necr           8%         1d4       17%         1
 Sandblast                Erth           4%         2d4       17%         1
 Slow                     Hex            8%         N/A       17%         1
 Summon Small Mammal      Summ           8%         N/A       17%         1
 Dimensional Bullseye     Hex/Tloc       8%         N/A       22%         4
 Iskenderun's Mystic Bla  Conj/Tloc      16%        2d5       22%         4
 Call Imp                 Summ           4%         N/A       26%         2
 Cigotuvi's Dreadful Rot  Necr/Pois/Air  4%         N/A       26%         2
 Poisonous Vapours        Pois/Air       4%         N/A       26%         2
 Scorch                   Fire           4%         2d5       26%         2
 Searing Ray              Conj           4%         2d4       26%         2
 Static Discharge         Conj/Air       4%         2-3/arc   26%         2
 Sublimation of Blood     Necr           2%         N/A       26%         2
 Ignite Poison            Fire/Tmut/Pois 6%         N/A       26%         3
 Confusing Touch          Hex            2%         N/A       47%         3
 Inner Flame              Hex/Fire       2%         N/A       47%         3
 Mephitic Cloud           Conj/Pois/Air  2%         N/A       47%         3
 Ozocubu's Armour         Ice            2%         N/A       47%         3
 Sigil of Binding         Hex            2%         N/A       47%         3
 Tukima's Dance           Hex            2%         N/A       47%         3
 Vampiric Draining        Necr           2%         2d6       47%         3
 Airstrike                Air            1%         2d(1-17)  87%         4
 Flame Wave               Conj/Fire      2%         2d4       87%         4
 Fulminant Prism          Conj/Hex       1%         3d5       87%         4
 Leda's Liquefaction      Hex/Erth       1%         N/A       87%         4
 Olgreb's Toxic Radiance  Pois           2%         N/A       87%         4
 Sticky Flame             Conj/Fire      2%         2d3       87%         4
 Summon Lightning Spire   Summ/Air       2%         N/A       87%         4
 Alistair's Intoxication  Tmut/Pois      6%         N/A       87%         5
 Irradiate                Conj/Tmut      4%         3d13      87%         5
 Yara's Violent Unravell  Hex/Tmut       4%         3d4       87%         5
 Agony                    Necr           2%         N/A       99%         5
 Borgnjor's Vile Clutch   Necr/Erth      1%         N/A       99%         5
 Fireball                 Conj/Fire      1%         3d3       99%         5
 Freezing Cloud           Conj/Ice/Air   1%         6-21      99%         5
 Iskenderun's Battlesphe  Conj           2%         2d6       99%         5
 Lee's Rapid Deconstruct  Erth           1%         3d4*      99%         5
 Metabolic Englaciation   Hex/Ice        1%         N/A       99%         5
 Silence                  Hex/Air        1%         N/A       99%         5
 Bombard                  Conj/Erth      1%         9d1       100%        6
 Eringya's Noxious Bog    Tmut/Pois      4%         4d6       100%        6
 Plasma Beam              Fire/Air       1%         2x1d11    100%        6
 Starburst                Conj/Fire      1%         6d3       100%        6
 Summon Cactus Giant      Summ           1%         N/A       100%        6
 Enfeeble                 Hex            1%         N/A       100%        7
 Malign Gateway           Summ/Tloc      8%         N/A       100%        7
 Spellforged Servitor     Conj/Summ      1%         N/A       100%        7
 Summon Hydra             Summ           1%         N/A       100%        7
 Lehudib's Crystal Spear  Conj/Erth      1%         10d2      100%        8
 Summon Horrible Things   Summ           1%         N/A       100%        8
 Dragon's Call            Summ           1%         N/A       100%        9
 Animate Armour           Summ/Erth      Unusable   N/A       N/A         4
 Simulacrum               Ice/Necr       Unusable   N/A       N/A         6

Dungeon Overview and Level Annotations

Branches:
Dungeon (15/15)            Temple (0/1) D:5            Lair (5/5) D:9
  Swamp (4/4) Lair:3       Spider (4/4) Lair:3        Slime (5/5) Lair:4
    Orc (2/2) D:12            Elf (3/3) Orc:2        Vaults (4/5) D:13
  Crypt (0/3) Vaults:3     Depths (4/4) D:15            Zot (5/5) Depths:4
 Bailey (visited)

Altars:
Ashenzari
Fedhas
Gozag
Hepliaklqana
Makhleb
Okawaru
Qazlal
Ru
Sif Muna
Trog
Uskayaw
Vehumet
Wu Jian
Zin
Jiyva

Shops:
D:5 [(   D:9 **   D:12 *   D:13 (   D:14 :[!=   D:15 ?   Orc:1 *   Orc:2 *!*?
Elf:1 ((*[=   Elf:2 [   Elf:3 (([(   Lair:1 [(   Lair:3 [   Spider:3 *
Vaults:2 *   Depths:1 [   Depths:3 =   Depths:4 :

Portals:
Hell: Depths:1 Depths:2 Depths:3 Depths:4
Abyss: Depths:3
Pandemonium: Depths:1 Depths:2 Depths:3
Ziggurat: Depths:4

Annotations:
D:3 3 runed translucent doors, exclusion: 3 doors, Grinder; gorushi's ghost, weakling MiFi
D:7 Jeremiah
D:11 Josephine
D:14 Roxanne
Lair:5 exclusion: obsidian statue
Depths:4 the Enchantress


Innate Abilities, Weirdness & Mutations

You can breathe wild blasts of lightning.
Your glossy black scales are hard. (AC +12)
You cannot fit into any form of body armour.
Your large and strong wings let you fly.
You are resistant to electric shocks. (rElec)
You are cold-blooded and may be slowed by cold attacks.
You have a somewhat thin skeletal structure. (Dex +2, Stealth+)
You are frail. (-10% HP)
Your spells are a little easier to cast, but a little less powerful.
You occasionally lose the ability to read scrolls when taking damage.


Message History

You fly upwards.
Level annotation: 3 runed translucent doors, exclusion: 3 doors, Grinder; gorushi's ghost, weakling MiFi A hellephant comes into view.
There is a stone staircase leading down here.
The hellephant moves out of view.
The hellephant breathes flames at you. The blast of flame hits you! You resist.
The hellephant is distracted by your dazzling golden aura.
There is an opulent altar of Gozag here.
You see here a +0 dagger.
There is a stone staircase leading up, spattered with blood here.
You fly upwards.
There is a stone staircase leading down here.
An Orb Guardian comes into view.
Okay, then.
An Orb Guardian is nearby!
You rampage towards the Orb Guardian!
You hit the Orb Guardian.
Your tail-slap misses the Orb Guardian.
The Orb Guardian is lightly wounded.
Your +9 eveningstar "Beetlebane" {spect, Will+ Str+3 Int-2} hits the Orb Guardian!!
You block the Orb Guardian's attack.
You puncture the Orb Guardian!
You tail-slap the Orb Guardian, but do no damage.
The Orb Guardian is heavily wounded.
Your +9 eveningstar "Beetlebane" {spect, Will+ Str+3 Int-2} closely misses the Orb Guardian.
You block the Orb Guardian's attack.
You bludgeon the Orb Guardian!!
You tail-slap the Orb Guardian, but do no damage.
The Orb Guardian is almost dead.
Your +9 eveningstar "Beetlebane" {spect, Will+ Str+3 Int-2} hits the Orb Guardian!
You kill the Orb Guardian!
Your +9 eveningstar "Beetlebane" {spect, Will+ Str+3 Int-2} disappears.
A smoke demon comes into view.
The smoke demon moves out of view.
There is a stone staircase leading up here.
You fly upwards.
There is a stone staircase leading down here.
There is an open gate here.
There is a staircase leading out of the dungeon here.
You have escaped!

#.......# #####
#.......########
####.........>.....
#......[...........
##.#######....#####.
####.......##....# #†
#..##'''##.##....# #.
#..#.....#..#....# #.
#..#..@..#....#### #.
#..#.....#.##.# ##
#..#.....#.##.#
#..##+++##..#.########
#....................#
#.....#######........#
#.##### #........# #.#
#........## #.#
#.........#


There were no monsters in sight!

Vanquished Creatures
  the Royal Jelly (Slime:5)
  Tiamat (Zot:2)
  A dread lich (Abyss:5)
  2 orbs of fire
  Sojobo (Depths:4)
  Bai Suzhen (Vaults:4)
  A Killer Klown (Zot:5)
  Saint Roka (Depths:2)
  A caustic shrike (Depths:2)
  Xtahua (Depths:3)
  3 curse toes
  11 golden dragons
  6 bone dragons
  A Tzitzimitl (Depths:4)
  3 doom hounds (Depths:4)
  An electric golem (Zot:2)
  14 tentacled monstrosities
  A walking crystal tome (D:15)
  5 liches
  Grunn (Depths:4)
  16 Orb Guardians
  Asterion (Vaults:1)
  3 quicksilver dragons
  3 deep elf blademasters
  6 death cobs
  2 deep elf master archers (Elf:3)
  An Executioner (Abyss:4)
  20 acid blobs
  5 sphinxes
  12 tentacled starspawn
  5 draconian monks
  5 shadow dragons
  Donald (Swamp:4)
  Kirke (Swamp:4)
  3 tengu reavers
  A revenant (Abyss:5)
  Aizul (Swamp:2)
  10 storm dragons
  A daeva (Abyss:2)
  10 azure jellies
  13 rockslimes
  7 emperor scorpions
  9 fire giants
  The ghost of justnoob the Markself, an adept DEAr of Cheibriados (Elf:2)
  6 deep elf sorcerers
  8 frost giants
  3 balrugs
  5 draconian knights
  6 ghost moths
  A ghost moth (shapeshifter) (Depths:2)
  7 draconian shifters
  2 caustic shrike zombies
  An iron dragon (D:15)
  11 vault wardens
  3 deep elf elementalists
  4 draconian scorchers
  9 ironbound preservers
  4 draconian stormcallers
  12 quicksilver oozes
  5 draconian annihilators
  20 stone giants
  4 cacodemons
  2 spriggan defenders (Depths:2)
  8 formless jellyfish
  2 broodmothers
  6 orc warlords
  An ophan (Abyss:2)
  5 war gargoyles
  4 ironbound thunderhulks
  35 very ugly things
  4 eleionomae (Swamp:3)
  5 reapers
  2 vampire knights (Vaults:3)
  A deep elf demonologist (Elf:3)
  Azrael (Elf:1)
  10 green draconians
  11 white draconians
  9 dire elephants
  5 purple draconians
  6 deep elf annihilators
  Nessos (D:13)
  9 yellow draconians
  11 black draconians
  8 bunyips
  10 red draconians
  3 lorocyprocas
  7 spark wasps
  3 green deaths
  12 ettins
  2 eidola
  3 crystal guardians
  7 fire dragons
  5 deep elf death magi
  2 blizzard demons
  A quicksilver dragon zombie (Vaults:4)
  15 great orbs of eyes
  3 deep elf high priests
  2 entropy weavers
  A ragged hierophant (Elf:1)
  14 hydras
  6 yaktaur captains
  Erolcha (D:11)
  A hell beast (Depths:1)
  7 vault guards
  A quicksilver dragon skeleton (Abyss:3)
  A fenstrider witch zombie (Abyss:2)
  7 rakshasas
  8 alligators
  A ghost crab (Swamp:4)
  A jorogumo (Spider:3)
  9 centaur warriors
  19 ice dragons
  4 spriggan air magi
  A catoblepas (Depths:2)
  6 peacekeepers
  4 radroaches
  2 death yaks (Lair:5)
  A naga warrior (Abyss:5)
  11 ironbound frosthearts
  5 two-headed ogres
  29 dancing weapons
  17 deep troll shamans
  6 boulder beetles
  A two-headed ogre (shapeshifter) (D:9)
  7 deep troll earth magi
  3 death knights
  10 tengu warriors
  9 demonic crawlers
  4 vampire magi
  12 hell knights
  A spectral dire elephant (Lair:5)
  6 orc high priests
  6 spriggan berserkers
  19 deep elf knights
  14 thrashing horrors
  Nergalle (D:11)
  9 sixfirhies
  2 sun demons (Abyss:2)
  A titan skeleton (Vaults:4)
  A fire crab (D:14)
  9 pharaoh ants
  A storm dragon skeleton (Depths:1)
  A sun moth (Spider:3)
  8 wretched stars
  3 goliath frogs
  A skyshark (Lair:4)
  8 spriggan druids
  2 flayed ghosts
  A spectral anaconda (Lair:5)
  11 iron trolls
  15 lindwurms
  12 deep elf archers
  8 bog bodies
  A bunyip skeleton (Abyss:3)
  6 glowing orange brains
  A glowing orange brain (shapeshifter) (Depths:1)
  29 deep trolls
  A phantasmal warrior (Vaults:2)
  6 swamp dragons
  16 ironbound convokers
  7 orb spiders
  6 steelbarb worms
  3 harpies
  24 deep elf pyromancers
  A swamp dragon (shapeshifter) (Depths:1)
  9 wizards
  11 necromancers
  36 deep elf zephyrmancers
  24 wolf spiders
  32 ugly things
  6 shining eyes
  10 orc knights
  24 large abominations
  3 salamanders
  8 orc sorcerers
  A mana viper (Vaults:4)
  2 manticores
  2 worldbinders
  19 moths of wrath
  5 cyclopes
  A tengu skeleton (Vaults:4)
  3 will-o-the-wisps
  6 black mambas
  Maurice (D:11)
  8 elephants (Lair:5)
  A guardian serpent (Abyss:5)
  2 dire elephant zombies (Lair:5)
  3 rust devils (Depths:1)
  2 apocalypse crabs
  2 eyes of devastation (Slime:5)
  11 vault sentinels
  A water nymph (shapeshifter) (Depths:1)
  6 orange demons
  A cane toad (shapeshifter) (D:15)
  15 cane toads
  2 stone giant skeletons
  9 smoke demons
  4 torpor snails
  A kobold demonologist (D:13)
  2 rime drakes
  An unseen horror (shapeshifter) (Depths:1)
  Psyche (D:8)
  7 komodo dragons
  3 ice devils
  An unseen horror (D:13)
  An alligator snapping turtle skeleton (Abyss:2)
  2 tengu conjurers
  23 yaktaurs
  3 efreet
  12 ancient zymes
  3 freezing wraiths
  A tormentor (Depths:4)
  5 hellwings
  A queen bee (Abyss:5)
  4 meliai
  8 trolls
  A wind drake (shapeshifter) (Abyss:2)
  A hornet (shapeshifter) (D:13)
  3 bloated husks
  2 polar bears
  8 hornets
  27 tarantellas
  10 tyrant leeches
  2 saltlings (Elf:1)
  A raiju (shapeshifter) (Abyss:2)
  26 blink frogs
  A harpy skeleton (Abyss:2)
  23 raiju
  An ettin zombie (Vaults:3)
  14 dream sheep
  Sigmund (D:4)
  116 slime creatures
  10 flying skulls (Abyss:2)
  19 jumping spiders
  3 shadows
  4 water elementals
  A spriggan (shapeshifter) (D:14)
  9 spriggans
  5 air elementals (Elf:1)
  17 culicivoras
  11 wraiths
  14 ynoxinuls
  47 yaks
  2 vampires
  4 wyverns
  A human (D:13)
  An unseen horror simulacrum (D:9)
  30 starcursed masses
  A steam dragon (D:10)
  2 basilisks (shapeshifter)
  4 basilisks
  4 chaos spawn
  6 fire elementals
  A human simulacrum (Vaults:4)
  25 vampire mosquitoes
  4 neqoxecs
  47 redbacks
  2 spectral cane toads (Lair:5)
  8 wargs
  2 elf skeletons (Vaults:4)
  23 small abominations
  2 nagas (Abyss:5)
  13 swamp worms
  3 glowing shapeshifter zombies (Vaults:3)
  A glowing shapeshifter skeleton (Vaults:3)
  17 water moccasins
  2 ice beasts
  8 hell hounds
  A naga skeleton (Abyss:2)
  3 swamp drakes (Swamp:1)
  45 orc warriors
  A sky beast (Abyss:2)
  3 black bears
  A black bear (shapeshifter) (Abyss:2)
  12 ogres
  2 spriggan simulacra
  15 wolves
  20 centaurs
  An elephant skeleton (Lair:5)
  2 phantoms
  4 kobold brigands
  2 human zombies (Vaults:4)
  15 bullfrogs
  3 earth elementals
  2 scorpions
  6 necrophages (Lair:4)
  A gnoll sergeant (D:9)
  A cane toad simulacrum (Lair:5)
  9 wights
  A hornet simulacrum (D:15)
  11 killer bees
  An electric eel (Lair:4)
  7 howler monkeys
  A quasit (Abyss:2)
  4 hounds
  34 orc priests
  4 sleepcaps
  2 gnoll boudas
  4 iron imps
  An iguana (D:5)
  28 orc wizards
  Robin (D:2)
  4 adders
  18 gnolls
  2 shadow imps
  3 white imps
  3 ufetubi
  5 dart slugs
  105 orcs
  3 endoplasms
  8 giant cockroaches
  21 goblins
  15 hobgoblins
  14 jackals
  A quokka (D:1)
  9 ball pythons
  6 bats
  4 frilled lizards
  18 kobolds
  3 rats (D:1)
  A spectral hobgoblin (D:5)
  3 starspawn tentacles (Abyss:2)
2409 creatures vanquished.

Vanquished Creatures (collateral kills)
  An ancient lich (Zot:5)
  A Killer Klown (Zot:5)
  4 Orb Guardians (Zot:5)
  A tentacled monstrosity (Zot:5)
  A storm dragon (Zot:5)
  A moth of wrath (Zot:5)
  A ball python (D:4)
10 creatures vanquished.

Vanquished Creatures (others)
  An orb of fire (Zot:5)
  2 Killer Klowns (Zot:5)
  An electric golem (Zot:5)
  4 Orb Guardians (Zot:5)
  A storm dragon (Zot:5)
  A black draconian (Zot:5)
  2 deep elf knights (Elf:2)
  A shadow demon (Zot:5)
  A bog body (Swamp:4)
  A deep elf pyromancer (Elf:1)
  2 wizards
  A moth of wrath (Zot:5)
  An ancient zyme (Abyss:5)
  2 bloated husks
  A dire elephant simulacrum (Abyss:2)
  A water elemental (Elf:2)
  A human (Swamp:4)
  A yak (Lair:1)
  A swamp worm (Swamp:2)
  2 hell hounds (Elf:1)
  A small abomination (Abyss:3)
  A howler monkey simulacrum (D:9)
  2 orcs
  4 foxfires (Swamp:3)
  6 spectral weapons
  19 starspawn tentacles
61 creatures vanquished.

Grand Total: 2480 creatures vanquished

Notes
Turn   | Place    | Note
-------+----------+-------------------------------------------
     0 | D:1      | BarneyGumball the Draconian Artificer began the quest for
                  | the Orb.
     0 | D:1      | Reached XP level 1. HP: 16/16 MP: 1/1
    36 | D:1      | Reached skill level 1 in Stealth
   110 | D:1      | Reached XP level 2. HP: 24/24 MP: 2/2
   162 | D:1      | You fall into a shaft and drop 1 floor!
   425 | D:1      | Reached XP level 3. HP: 30/30 MP: 3/3
   577 | D:1      | Reached skill level 1 in Axes
   975 | D:2      | Noticed Robin
  1654 | D:3      | Found a faded altar of an unknown god.
  1660 | D:3      | Prayed at the altar of an unknown god.
  1660 | D:3      | Became a worshipper of Gozag Ym Sagoz the Greedy
  1688 | D:3      | Found a runed translucent gate.
  1688 | D:3      | Found a runed translucent gate.
  1689 | D:3      | Found a runed translucent gate.
  1689 | D:3      | Noticed gorushi's ghost (weakling MiFi)
  1689 | D:3      | Noticed a kobold brigand
  1708 | D:3      | Reached skill level 1 in Shapeshifting
  1708 | D:3      | Reached XP level 4. HP: 23/37 MP: 4/4
  1980 | D:3      | Found a radiant altar of Vehumet.
  2027 | D:3      | Noticed Grinder
  2199 | D:2      | Identified the +2 robe of Purpose {Int+4 Archmagi}
  2216 | D:2      | Killed Robin
  2224 | D:2      | Reached XP level 5. HP: 40/42 MP: 5/5
  2251 | D:3      | Reached skill level 1 in Shields
  2493 | D:4      | Noticed a phantom
  2859 | D:4      | Killed a phantom
  2860 | D:4      | Reached XP level 6. HP: 49/50 MP: 6/6
  3231 | D:4      | Noticed Sigmund
  3238 | D:4      | Killed Sigmund
  3239 | D:4      | Reached skill level 1 in Maces & Flails
  3239 | D:4      | Your scales start taking on a glossy black colour.
  3239 | D:4      | Reached XP level 7. HP: 56/56 MP: 7/7
  3239 | D:4      | Gained mutation: You are resistant to electric shocks.
                  | (rElec) [Black Draconian growth]
  3738 | D:4      | Reached skill level 2 in Maces & Flails
  3983 | D:5      | Entered Level 5 of the Dungeon
  3993 | D:5      | Found a sacrificial altar of Ru.
  4046 | D:5      | Found a shimmering blue altar of Sif Muna.
  4046 | D:5      | Noticed a yak
  4046 | D:5      | Noticed a yak
  4046 | D:5      | Noticed a yak
  4046 | D:5      | Noticed a yak
  4047 | D:5      | Noticed a yak
  4140 | D:5      | Found Xicw's Distillery.
  4384 | D:5      | Killed a yak
  4385 | D:5      | Reached skill level 3 in Maces & Flails
  4388 | D:5      | Killed a yak
  4389 | D:5      | Reached XP level 8. HP: 47/62 MP: 8/8
  4396 | D:5      | Reached skill level 4 in Maces & Flails
  4396 | D:5      | Reached skill level 5 in Shields
  4404 | D:5      | Reached skill level 5 in Shapeshifting
  4507 | D:5      | Found a hazy altar of Hepliaklqana.
  4701 | D:5      | Found Qidwoudd's Armour Shop.
  4935 | D:5      | Found a staircase to the Ecumenical Temple.
  5077 | D:5      | Found Caagaf's Weapon Emporium.
  5106 | D:5      | Reached skill level 5 in Maces & Flails
  5165 | D:5      | Bought a potion of might for 56 gold pieces
  5165 | D:5      | Bought a potion of enlightenment for 70 gold pieces
  5165 | D:5      | Bought a potion of heal wounds for 70 gold pieces
  5165 | D:5      | Bought a potion of heal wounds for 70 gold pieces
  5676 | D:6      | Reached XP level 9. HP: 63/68 MP: 9/9
  6270 | D:7      | Found a broken altar of Ashenzari.
  6304 | D:7      | Reached skill level 6 in Maces & Flails
  6650 | D:7      | Found a bloodstained altar of Trog.
  6651 | D:7      | Noticed a wizard
  6656 | D:7      | Killed a wizard
  6872 | D:7      | Found an iron altar of Okawaru.
  6899 | D:7      | Noticed Jeremiah
  6986 | D:7      | Reached skill level 7 in Maces & Flails
  7407 | D:7      | Found an opulent altar of Gozag.
  7660 | D:8      | Found a glowing silver altar of Zin.
  7767 | D:8      | Reached skill level 8 in Maces & Flails
  7908 | D:8      | Reached skill level 9 in Maces & Flails
  7914 | D:8      | Reached XP level 10. HP: 59/74 MP: 10/10
  7951 | D:8      | Noticed Psyche
  7963 | D:8      | Killed Psyche
  8484 | D:9      | Noticed a tengu warrior
  8484 | D:9      | Noticed a centaur warrior
  8591 | D:9      | Reached skill level 10 in Maces & Flails
  8646 | D:9      | Reached skill level 11 in Maces & Flails
  8809 | D:9      | Found a staircase to the Lair.
  9068 | D:9      | Found a hide-covered altar of Uskayaw.
  9087 | D:9      | Found a flagged portal.
  9094 | Bailey   | Entered a bailey
  9231 | D:9      | Noticed a boulder beetle
  9257 | D:9      | Killed a boulder beetle
  9266 | D:9      | Noticed a rakshasa
  9421 | Lair:1   | Entered Level 1 of the Lair of Beasts
  9435 | Lair:1   | Noticed a cane toad
  9466 | Lair:1   | Killed a cane toad
  9467 | Lair:1   | Reached skill level 12 in Maces & Flails
  9929 | Lair:1   | Reached XP level 11. HP: 67/82 MP: 11/11
 10670 | Lair:1   | Noticed a boulder beetle
 10689 | Lair:1   | Killed a boulder beetle
 11326 | Lair:2   | Reached skill level 5 in Fighting
 11326 | Lair:2   | Reached skill level 1 in Throwing
 11688 | D:5      | Bought a potion of curing for 42 gold pieces
 11688 | D:5      | Bought a potion of curing for 42 gold pieces
 11688 | D:5      | Bought a potion of curing for 42 gold pieces
 11688 | D:5      | Bought a potion of curing for 42 gold pieces
 11688 | D:5      | Bought a potion of curing for 42 gold pieces
 11688 | D:5      | Bought a potion of enlightenment for 70 gold pieces
 13064 | Lair:3   | Found a staircase to the Swamp.
 13074 | Lair:2   | Reached skill level 5 in Dodging
 13545 | Lair:3   | Reached XP level 12. HP: 87/96 MP: 12/12
 13622 | Lair:3   | Reached skill level 13 in Maces & Flails
 15071 | Lair:1   | Bought a glowing kite shield for 262 gold pieces
 15245 | Lair:3   | Noticed a five-headed hydra
 15426 | Lair:3   | Found a hole to the Spider Nest.
 16098 | Lair:4   | Got a quavering book
 16210 | Lair:4   | Found a viscous altar of Jiyva.
 16210 | Lair:4   | Found a staircase to the Slime Pits.
 17193 | D:9      | Killed a rakshasa
 17194 | D:9      | Reached skill level 5 in Throwing
 17489 | D:9      | a steelbarb worm changed into a two-headed ogre
 17489 | D:9      | Noticed a two-headed ogre (shapeshifter)
 17495 | D:9      | Killed a two-headed ogre
 17938 | D:9      | Found Tazexil's Specific Store.
 17940 | D:9      | Found Othahy's General Store.
 17951 | D:9      | Bought a scroll of identify for 24 gold pieces
 18003 | D:9      | Killed a tengu warrior
 18008 | D:9      | Killed a centaur warrior
 18009 | D:9      | Reached XP level 13. HP: 57/105 MP: 13/13
 18315 | D:9      | Paralysed by a great orb of eyes for 2 turns
 18321 | D:9      | Reached skill level 14 in Maces & Flails
 18591 | D:10     | Entered Level 10 of the Dungeon
 18700 | Lair:1   | Bought a pair of embroidered gloves for 262 gold pieces
 18800 | D:10     | Found an ornate altar of the Wu Jian Council.
 18800 | D:10     | Found a blossoming altar of Fedhas.
 18875 | D:9      | Bought a +2 buckler of fire resistance for 258 gold pieces
 19321 | D:10     | Found a stormy altar of Qazlal.
 19332 | D:10     | Found a burning altar of Makhleb.
 19595 | D:11     | Identified the +10 short sword of Bunoc {drain, *Rage rF+++
                  | Str-4 Dex+8}
 19674 | D:11     | Reached skill level 10 in Shields
 19856 | D:11     | Noticed Nergalle
 19860 | D:11     | Noticed Maurice
 19884 | D:11     | Killed Nergalle
 19902 | D:11     | Something stole a beast talisman
 19903 | D:11     | Killed Maurice
 20271 | D:11     | Noticed Erolcha
 20338 | D:11     | Killed Erolcha
 20496 | D:11     | Noticed Josephine
 21062 | D:12     | Found a staircase to the Orcish Mines.
 21477 | D:13     | Found Raikh's Firing Range.
 21489 | D:13     | Reached skill level 10 in Shapeshifting
 21755 | D:13     | Identified the +0 cloak of Understanding {rPois rC- Str+5
                  | SInv}
 21758 | D:13     | Noticed Nessos
 21800 | D:13     | Killed Nessos
 21964 | D:13     | Reached skill level 15 in Maces & Flails
 22065 | D:13     | Noticed an ironbound thunderhulk
 22087 | D:13     | Killed an ironbound thunderhulk
 22099 | D:13     | Found a gate to the Vaults.
 22404 | D:14     | Gained mutation: Your large and strong wings let you fly.
                  | [Black Draconian growth]
 22404 | D:14     | Reached XP level 14. HP: 114/114 MP: 14/14
 22484 | D:14     | Found Fona's Jewellery Shop.
 22492 | D:14     | Bought a ring of protection from cold for 325 gold pieces
 22930 | D:14     | Found Nounothi's Distillery.
 22933 | D:14     | Bought a potion of degeneration for 15 gold pieces
 22933 | D:14     | Bought a potion of mutation for 120 gold pieces
 22958 | D:14     | Found Daci's Magic Scroll Shop.
 22961 | D:14     | Bought a scroll of identify for 30 gold pieces
 22961 | D:14     | Bought a scroll of poison for 60 gold pieces
 22961 | D:14     | Bought 3 scrolls of butterflies for 180 gold pieces
 22961 | D:14     | Bought a scroll of identify for 30 gold pieces
 22961 | D:14     | Bought a scroll of identify for 30 gold pieces
 22961 | D:14     | Bought a scroll of vulnerability for 60 gold pieces
 22961 | D:14     | Bought a scroll of silence for 142 gold pieces
 22964 | D:14     | Bought a scroll of fear for 60 gold pieces
 23095 | D:14     | Found an ornate altar of the Wu Jian Council.
 23119 | D:14     | Noticed Roxanne
 23276 | D:14     | Found Kius's Armour Shop.
 23297 | D:14     | Found Dyishas's Book Shoppe.
 23385 | D:15     | Entered Level 15 of the Dungeon
 23974 | D:15     | Found Xuplu's Magic Scroll Emporium.
 23977 | D:15     | Bought a scroll of blinking for 135 gold pieces
 23977 | D:15     | Bought a scroll of blinking for 135 gold pieces
 23977 | D:15     | Bought a scroll of teleportation for 54 gold pieces
 23977 | D:15     | Bought a scroll of teleportation for 54 gold pieces
 23977 | D:15     | Bought a scroll of teleportation for 54 gold pieces
 24179 | D:15     | Found a shimmering blue altar of Sif Muna.
 24415 | D:15     | Found a staircase to the Depths.
 24415 | D:15     | Noticed a stone giant
 24430 | D:15     | Killed a stone giant
 24739 | Lair:5   | Entered Level 5 of the Lair of Beasts
 25063 | Lair:5   | Reached skill level 5 in Evocations
 26621 | Lair:5   | Reached skill level 10 in Fighting
 26956 | Lair:5   | Reached XP level 15. HP: 65/124 MP: 15/15
 27975 | Orc:1    | Entered Level 1 of the Orcish Mines
 28530 | Orc:1    | Found Latteror's General Store.
 28568 | Orc:1    | Bought a scroll of fog for 52 gold pieces
 28568 | Orc:1    | Bought a scroll of teleportation for 39 gold pieces
 29105 | Orc:2    | Entered Level 2 of the Orcish Mines
 29983 | Orc:2    | Found Ifuimp's Assorted Antiques.
 30094 | Orc:2    | Found Suxoilug's Distillery.
 31028 | Orc:2    | Found a staircase to the Elven Halls.
 31380 | Orc:2    | Found Busow's Magic Scroll Shop.
 31625 | Orc:2    | Found Epuriet's Assorted Antiques.
 31699 | Orc:2    | Bought a scroll labelled ECLANU ELUE for 43 gold pieces
 31760 | Orc:2    | Bought a scroll of identify for 42 gold pieces
 31760 | Orc:2    | Bought a scroll of identify for 42 gold pieces
 31760 | Orc:2    | Bought a scroll of fear for 84 gold pieces
 31760 | Orc:2    | Bought a phantom mirror for 840 gold pieces
 31760 | Orc:2    | Bought a scroll of blinking for 157 gold pieces
 31762 | Orc:2    | Acquired a manual of Fighting
 31820 | Orc:2    | Bought a scroll of torment for 123 gold pieces
 31820 | Orc:2    | Bought a scroll of teleportation for 39 gold pieces
 31820 | Orc:2    | Bought a scroll of blinking for 97 gold pieces
 31820 | Orc:2    | Bought a scroll of blinking for 97 gold pieces
 31820 | Orc:2    | Bought a scroll of teleportation for 39 gold pieces
 31879 | Orc:2    | Bought a potion of heal wounds for 80 gold pieces
 31879 | Orc:2    | Bought a potion of invisibility for 128 gold pieces
 31879 | Orc:2    | Bought a potion of enlightenment for 80 gold pieces
 31879 | Orc:2    | Bought a potion of resistance for 160 gold pieces
 32112 | Spider:1 | Entered Level 1 of the Spider Nest
 33805 | Spider:1 | Noticed an emperor scorpion
 33834 | Spider:1 | Killed an emperor scorpion
 34147 | Spider:1 | Reached XP level 16. HP: 141/141 MP: 16/16
 37305 | Spider:3 | Reached skill level 10 in Evocations
 37608 | Swamp:1  | Entered Level 1 of the Swamp
 37736 | Lair:3   | Bought a pair of runed boots for 180 gold pieces
 37951 | Swamp:1  | Reached skill level 10 in Dodging
 38050 | Swamp:1  | Reached skill level 15 in Shields
 38390 | Swamp:1  | You are sucked into a shaft and drop 1 floor!
 39057 | Swamp:2  | Noticed Aizul
 39203 | Swamp:2  | Killed Aizul
 39575 | Swamp:3  | Reached XP level 17. HP: 84/152 MP: 17/17
 40363 | Swamp:4  | Entered Level 4 of the Swamp
 40365 | Swamp:4  | Noticed a tentacled monstrosity
 40806 | Swamp:4  | Killed a tentacled monstrosity
 40960 | Swamp:4  | Noticed Donald
 41101 | Swamp:4  | Identified the amulet "Raggut" {RegenMP Str+4}
 41282 | Swamp:4  | Killed Donald
 41494 | Swamp:4  | Reached skill level 15 in Fighting
 41622 | Swamp:4  | Noticed a tentacled monstrosity
 41648 | Swamp:4  | Killed a tentacled monstrosity
 41743 | Swamp:4  | Noticed Kirke
 41766 | Swamp:4  | Killed Kirke
 42120 | Swamp:4  | Got a decaying rune of Zot
 42340 | Spider:4 | Entered Level 4 of the Spider Nest
 42576 | Spider:3 | Bought a potion of invisibility for 184 gold pieces
 43566 | Spider:4 | Reached skill level 16 in Maces & Flails
 43805 | Spider:4 | Reached XP level 18. HP: 132/172 MP: 18/18
 44174 | Spider:4 | Got a gossamer rune of Zot
 44649 | Elf:1    | Entered Level 1 of the Elven Halls
 44649 | Elf:1    | Found a crumbling gateway.
 44722 | Elf:1    | Found a shimmering blue altar of Sif Muna.
 44822 | Elf:1    | Paralysed by an air elemental for 1 turns
 44871 | Abyss:2  | Cast into level 2 of the Abyss (a deep elf sorcerer)
 45293 | Abyss:2  | Noticed a lich
 45310 | Abyss:2  | Killed a lich
 45859 | Elf:1    | Escaped the Abyss
 45998 | Elf:1    | Paralysed by an air elemental for 1 turns
 46002 | Elf:1    | Paralysed by an air elemental for 1 turns
 46022 | Elf:1    | Paralysed by an air elemental for 1 turns
 46248 | Elf:1    | Got a worn book
 46323 | Elf:1    | Found Jataut's Weapon Shop.
 46493 | Elf:1    | Found Uliw's Armour Boutique.
 46618 | Elf:1    | Noticed Azrael
 46662 | Elf:1    | Killed Azrael
 46663 | Elf:1    | Reached skill level 17 in Maces & Flails
 46761 | Elf:1    | Found Nimatobe's Assorted Antiques.
 46931 | Elf:1    | Found Buatzuy's Jewellery Emporium.
 47188 | Elf:1    | Paralysed by an air elemental for 1 turns
 47268 | Elf:1    | Found Qemnoim's Weapon Shoppe.
 47500 | Elf:2    | Found a runed translucent gate.
 47501 | Elf:2    | Found a runed translucent gate.
 47501 | Elf:2    | Found a runed translucent gate.
 47540 | Elf:2    | Found a runed translucent gate.
 47541 | Elf:2    | Found a runed translucent gate.
 47542 | Elf:2    | Found a runed translucent gate.
 47555 | Elf:2    | Noticed justnoob's ghost (adept DEAr)
 47671 | Elf:2    | Killed justnoob's ghost
 47989 | Elf:2    | Reached XP level 19. HP: 117/177 MP: 19/19
 48275 | Elf:2    | Found Haopout's Antique Armour Shoppe.
 48279 | Elf:2    | Bought a pair of glowing boots for 262 gold pieces
 49835 | D:12     | Bought a scroll of teleportation for 84 gold pieces
 49835 | D:12     | Bought a slimy scarf for 280 gold pieces
 49835 | D:12     | Identified the scarf of Wariness {repulsion, rF++ rC+
                  | Str+4} (You bought it in a shop on level 12 of the Dungeon)
 49835 | D:12     | Bought a scroll of revelation for 210 gold pieces
 49835 | D:12     | Bought a potion of heal wounds for 140 gold pieces
 49953 | Vaults:1 | Entered Level 1 of the Vaults
 50196 | Vaults:1 | Noticed Asterion
 50223 | Vaults:1 | Killed Asterion
 50961 | Vaults:1 | Identified the ring "Gaekumed" {MP+9 Slay+3 SInv}
 51601 | Vaults:2 | Reached skill level 15 in Dodging
 52528 | Vaults:2 | Found Alun's General Store.
 52551 | Vaults:2 | Bought a potion of heal wounds for 95 gold pieces
 52993 | Vaults:2 | Found a portal to a secret trove of treasure.
 53199 | Vaults:3 | Found a staircase to the Crypt.
 53677 | Vaults:3 | Reached XP level 20. HP: 198/198 MP: 20/20
 54787 | Vaults:3 | Reached skill level 10 in Throwing
 55930 | Vaults:4 | Noticed Bai Suzhen
 55958 | Vaults:4 | Killed Bai Suzhen
 56942 | Vaults:4 | Got a torn book
 58016 | Depths:1 | Entered Level 1 of the Depths
 58085 | Depths:1 | Noticed a bone dragon
 58103 | Depths:1 | Found a gateway to Hell.
 58473 | D:15     | Killed a bone dragon
 58685 | D:15     | Reached XP level 21. HP: 152/204 MP: 21/21
 59425 | Depths:1 | Identified the amulet "Nelluug" {Faith rC+ Dex+2}
 59481 | Depths:1 | Identified the +2 robe of Spite {Will+ rCorr MP+9 Int+3}
 59596 | Depths:1 | Identified the +3 rapier of Division {antimagic, Dex+4
                  | Stlth-}
 59883 | Orc:2    | Bought a scroll of enchant weapon for 97 gold pieces
 59883 | Orc:2    | Bought a scroll of enchant armour for 97 gold pieces
 59910 | Orc:2    | Bought a scroll of enchant weapon for 322 gold pieces
 60147 | Depths:1 | Reached skill level 15 in Evocations
 60239 | Depths:1 | Reached skill level 1 in Translocations
 60651 | Depths:1 | Reached skill level 5 in Translocations
 60939 | D:15     | Bought a scroll of brand weapon for 171 gold pieces
 61320 | Depths:1 | Got a whispering book
 61476 | Depths:1 | Found a runed translucent door.
 61668 | Depths:1 | Reached skill level 18 in Maces & Flails
 61889 | D:14     | Bought an Inescapable Atlas for 224 gold pieces
 61892 | D:14     | Learned a level 2 spell: Blink
 62413 | Depths:1 | Found a one-way gate leading to the halls of Pandemonium.
 62957 | Depths:2 | Noticed a caustic shrike
 62969 | Depths:2 | Killed a caustic shrike
 63100 | Depths:2 | Noticed Saint Roka
 63105 | Depths:2 | Reached skill level 5 in Stealth
 63120 | Depths:2 | Killed Saint Roka
 63129 | Depths:2 | Reached XP level 22. HP: 182/213 MP: 22/22
 63543 | Depths:2 | Identified the +6 triple sword "Noowyb" {venom, rC+ Dex+5}
 64373 | Depths:3 | Noticed a golden dragon
 64381 | Depths:3 | Noticed Xtahua
 64797 | Depths:3 | Found Goylacwa's Jewellery Shoppe.
 64804 | Depths:3 | Bought the ring of Soilued {rCorr Str+6 Dex+3 SInv Stlth+}
                  | for 990 gold pieces
 65197 | Depths:3 | Found a one-way gate to the infinite horrors of the Abyss.
 65703 | Depths:3 | Killed Xtahua
 65821 | Depths:4 | Entered Level 4 of the Depths
 66109 | Depths:4 | Noticed Grunn
 66132 | Depths:4 | Killed Grunn
 66145 | Depths:4 | Reached skill level 19 in Maces & Flails
 66565 | Depths:4 | Found a one-way gateway to a ziggurat.
 66862 | Depths:4 | Noticed a golden dragon
 67313 | Depths:4 | Noticed the Enchantress
 67641 | Depths:4 | Found Cyjoq's Vocational Training.
 67745 | Depths:4 | Noticed Sojobo
 67779 | Depths:4 | Killed Sojobo
 68086 | Depths:4 | Killed a golden dragon
 68171 | Depths:4 | Found a gate to the Realm of Zot.
 68232 | Depths:4 | Reached XP level 23. HP: 185/225 MP: 23/23
 68578 | Depths:1 | Bought the +2 shield of Resistance {rF++ rC++ Will++} for
                  | 2608 gold pieces
 68578 | Depths:1 | Found the +2 shield of Resistance {rF++ rC++ Will++}
 69285 | Elf:3    | Entered Level 3 of the Elven Halls
 69289 | Elf:3    | Found Fehefut's Antique Armour Shoppe.
 69291 | Elf:3    | Found Foocosh's Antique Weapon Emporium.
 69293 | Elf:3    | Found Zorch's Weapon Shoppe.
 69431 | Elf:3    | Learned a level 1 spell: Apportation
 69436 | Elf:3    | Learned a level 4 spell: Manifold Assault
 69441 | Elf:3    | Learned a level 4 spell: Passage of Golubria
 69895 | Elf:3    | Reached skill level 1 in Spellcasting
 70419 | Elf:3    | Identified the +2 double sword of Plague {holy, rElec}
 70570 | Elf:3    | Identified the ring of Nisye {rPois rC- Str+2 Int+2 Dex+6}
 70589 | Elf:3    | Identified the +0 flail of the Coin {holy, rF++ rN+ Int-5
                  | Stlth+}
 70655 | Elf:3    | Identified the +1 hat of the Original Sin {Str+3 Int+5
                  | Dex+3}
 70747 | Elf:3    | Identified the +0 ring mail of Ihyda {*Corrode Int+4}
 70813 | Elf:3    | Identified the +3 great sword of Divine Judgement {drain,
                  | Fly rCorr Str+2}
 70813 | Elf:3    | Identified the +3 leather armour "Jomemah" {rElec Dex+4}
 70913 | Elf:3    | Found Egoy's Antique Weapon Emporium.
 71383 | Slime:1  | Entered Level 1 of the Pits of Slime
 71944 | Slime:1  | Paralysed by a formless jellyfish for 1 turns
 72509 | Slime:2  | Gained mutation: You occasionally lose the ability to read
                  | scrolls when taking damage. [a shining eye]
 72711 | Slime:2  | Reached skill level 20 in Maces & Flails
 73986 | Slime:3  | Paralysed by a formless jellyfish for 1 turns
 74952 | Slime:5  | Entered Level 5 of the Pits of Slime
 75427 | Slime:5  | Paralysed by a formless jellyfish for 1 turns
 75570 | Slime:5  | Reached skill level 10 in Translocations
 75795 | Slime:4  | Lost mutation: You occasionally lose the ability to read
                  | scrolls when taking damage. [potion of mutation]
 75795 | Slime:4  | Gained mutation: Your spells are a little easier to cast,
                  | but a little less powerful. [potion of mutation]
 75795 | Slime:4  | Gained mutation: Your magical capacity is low. (-10% MP)
                  | [potion of mutation]
 75854 | Slime:5  | Gained mutation: Your spells are easier to cast, but less
                  | powerful. [a shining eye]
 75968 | Slime:5  | Found a viscous altar of Jiyva.
 76104 | Slime:5  | Noticed the Royal Jelly
 76121 | Slime:5  | Killed the Royal Jelly
 76448 | Slime:5  | Identified the +7 great sword of Prudence {freeze, rC+ rN+
                  | Dex+2}
 76453 | Slime:5  | Got a slimy rune of Zot
 76544 | Slime:5  | Identified the ring "Esasacwusal" {Ice rCorr}
 76607 | Slime:5  | Identified the +8 flail of Lies {holy, rPois rC+ rN+
                  | Stlth+}
 76627 | Slime:5  | Identified the +6 quarterstaff "Orb Guardian's Death"
                  | {elec, Str-3 Int+3 Dex+7}
 76635 | Slime:5  | Identified the +8 sling of Blood-Lust {heavy, rPois rC-
                  | Will+ Dex+5}
 77048 | Elf:1    | Bought the ring of the Hare {EV+10} for 2176 gold pieces
 77048 | Elf:1    | Found the ring of the Hare {EV+10}
 77882 | Depths:3 | Voluntarily entered the Abyss.
 77941 | Abyss:2  | Reached XP level 24. HP: 215/236 MP: 24/24
 77943 | Abyss:2  | Found a runed translucent door.
 78330 | Abyss:2  | Gained mutation: You are dopey. (Int -2) [a neqoxec]
 78745 | Abyss:2  | Reached skill level 21 in Maces & Flails
 78976 | Abyss:2  | Paralysed by you for 2 turns
 79668 | Abyss:3  | Reached skill level 22 in Maces & Flails
 79783 | Abyss:4  | Found a corrupted altar of Lugonu.
 79834 | Abyss:4  | Found a corrupted altar of Lugonu.
 79947 | Abyss:4  | Gained mutation: You are frail. (-10% HP) [a neqoxec]
 80027 | Abyss:4  | Gained mutation: You are weak. (Str -2) [a cacodemon]
 80099 | Abyss:5  | Noticed a dread lich
 80105 | Abyss:5  | Killed a dread lich
 80131 | Abyss:5  | Found a corrupted altar of Lugonu.
 80269 | Abyss:5  | Got an abyssal rune of Zot
 80271 | Abyss:5  | Reached skill level 23 in Maces & Flails
 80339 | Depths:3 | Escaped the Abyss
 80702 | Vaults:2 | You showed the slimy rune of Zot to enter a treasure trove
 80703 | Trove    | Entered a treasure trove
 80705 | Trove    | Found a bloodstained altar of Trog.
 80708 | Trove    | Identified the +7 morningstar of Doubt {heavy, rF+ Dex+3}
 80723 | Trove    | Identified the +10 scimitar of the Gazing Puffin {venom,
                  | *Corrode rC+++ Str+4 SInv}
 80759 | Trove    | Identified the +9 eveningstar "Beetlebane" {spect, Will+
                  | Str+3 Int-2}
 80762 | Trove    | Identified the +5 quick blade of Red Wine {flame, rPois
                  | Str+4 Int+2 Dex+2}
 80784 | Vaults:2 | Lost mutation: You are dopey. (Int -2) [potion of mutation]
 80784 | Vaults:2 | Lost mutation: Your magical capacity is low. (-10% MP)
                  | [potion of mutation]
 80784 | Vaults:2 | Lost mutation: Your spells are easier to cast, but less
                  | powerful. [potion of mutation]
 80784 | Vaults:2 | Lost mutation: You are weak. (Str -2) [potion of mutation]
 80784 | Vaults:2 | Gained mutation: You have a somewhat thin skeletal
                  | structure. (Dex +2, Stealth+) [potion of mutation]
 81018 | Zot:1    | Entered Level 1 of the Realm of Zot
 82326 | Zot:2    | Reached skill level 1 in Transmutations
 82939 | Zot:2    | Reached XP level 25. HP: 220/220 MP: 27/27
 83466 | Zot:2    | Reached skill level 5 in Transmutations
 83926 | Zot:2    | You are sucked into a shaft and drop 1 floor!
 83939 | Zot:3    | Reached skill level 24 in Maces & Flails
 84038 | Zot:2    | Found the +4 dragonskin cloak
 84038 | Zot:2    | Noticed Tiamat
 84517 | Zot:2    | Killed Tiamat
 84753 | Zot:3    | Noticed an orb of fire
 84761 | Zot:3    | Killed an orb of fire
 85252 | Zot:3    | Reached skill level 25 in Maces & Flails
 87278 | Zot:4    | Reached skill level 26 in Maces & Flails
 87537 | Zot:5    | Entered Level 5 of the Realm of Zot
 88028 | Zot:5    | Noticed an orb of fire
 88028 | Zot:5    | Noticed a Killer Klown
 88042 | Zot:5    | Killed a Killer Klown
 88047 | Zot:5    | Killed a Killer Klown
 88058 | Zot:5    | Killed a Killer Klown
 88073 | Zot:5    | Noticed an orb of fire
 88075 | Zot:5    | Noticed an orb of fire
 88076 | Zot:5    | Noticed an orb of fire
 88087 | Zot:5    | Noticed an ancient lich
 88087 | Zot:5    | Killed an ancient lich
 88099 | Zot:5    | Killed an orb of fire
 88103 | Zot:5    | Reached XP level 26. HP: 194/228 MP: 27/27
 88473 | Zot:5    | Reached skill level 27 in Maces & Flails
 88841 | Zot:5    | Got the Orb of Zot
 88958 | Zot:3    | Noticed Xotebbun the pandemonium lord
 89091 | Depths:2 | Gained mutation: You occasionally lose the ability to read
                  | scrolls when taking damage. [a cacodemon]
 89359 | D:6      | Noticed Xogavaop the pandemonium lord
 89525 | D:$      | Escaped with the Orb!

Illustrated notes

Levels and vault maps discovered:
D:1:      dpeg_arrival_windows_large_door, layout_basic, corner_web_ring
D:2:      cheibrodos_greedy_goblins, layout_basic, uniq_robin
D:3:      layout_basic, nicolae_vehumet_radiance, gammafunk_ghost_nasty_kobolds,
          ebering_ecumenical_altar_sacrificial, uniq_grinder
D:4:      layout_cave_pods, dreamdust_gnoll_farm, uniq_sigmund
D:5:      layout_rooms, nicolae_hepliaklqana_monster_ancestors,
          lemuel_round_altar, mainiacjoe_overflow_alcove_2,
          minmay_temple_entry_sparse_star, serial_shops,
          nicolae_shop_waterfront, shop, nicolae_inconvenience_store,
          minmay_misc_feat_diagonals
D:6:      cheibrodos_quashed, layout_loops_ring, item_on_display_a
D:7:      layout_basic, lemuel_doored_altar, lemuel_tele_altar, trog_wizard,
          mainiacjoe_overflow_six_doors_small, serial_bayou_pond_c,
          hex_intersection, uniq_jeremiah
D:8:      layout_basic, mainiacjoe_overflow_brackets, uniq_psyche
D:9:      minmay_sliced_demisemicircle, layout_loops_corners,
          mainiacjoe_overflow_cross_hatched, due_lair_maze_entry_diamond,
          enter_bailey_2, nicolae_specific_store
D:10:     layout_rooms, nicolae_overflow_macrodata_refinement
D:11:     layout_rooms, uniq_nergalle, uniq_maurice, uniq_erolcha,
          uniq_josephine
D:12:     layout_long_grid, david_orc_2
D:13:     layout_loops_ring, hellmonk_vaults_keyhole, nicolae_shop_firing_range,
          uniq_nessos
D:14:     layout_cross, nzn_wu_jian_council_hall, serial_shops,
          kennysheep_mini_moat, nicolae_shop_getting_attention,
          nicolae_shop_rolled_up, shop, shop, eino_tiny_chamber,
          kennysheep_two_boxes, uniq_roxanne
D:15:     grunt_enter_depths_snipers, layout_basic, serial_shops,
          nicolae_shop_behind_doors, nrook_mini_backslash, led_sif_pool
Lair:1:   layout_chaotic_city, portal_ice_cave_demonic_guard
Lair:2:   layout_regular_city, bh_autumn_forest_stairs, lemuel_fruit_tree
Lair:3:   layout_regular_city, swamp_mist, spider_nest_entry_funnel_web
Lair:4:   layout_small_grid, dpeg_slime_entry_enclosed, roderic_carrion_pond,
          lemuel_fruit_fields, serial_bayou_shore_a
Lair:5:   due_jungle_book, layout_cave_pods
Swamp:1:  layout_basic_swamp, evilmike_swamp_ruin_house_4, swamp_pool5
Swamp:2:  layout_falls_marsh, nicolae_swamp_stair_fork, swamp_pool1, uniq_aizul
Swamp:3:  layout_basic_swamp, nicolae_swamp_some_circles
Swamp:4:  swamp_vile, layout_basic_swamp, swamp_pool3, uniq_donald, uniq_kirke
Spider:1: layout_spider_delve
Spider:2: layout_chambers, hangedman_spider_tarantella_strand
Spider:3: layout_spider_delve
Spider:4: guppyfry_spider_rune
Slime:1:  layout_caves
Slime:2:  cheibrodos_slime_lost_civilization_10, layout_caves
Slime:3:  layout_caves, basic_altar, nicolae_slime_phagocytosis
Slime:4:  layout_caves, cheibrodos_slime_lost_civilization_7
Slime:5:  slime_pit_nicolae_trefoil
Orc:1:    layout_caves, serial_shops, shop, basic_altar, elf_legates
Orc:2:    pubby_orc_utopia
Elf:1:    nicolae_elf_arrival_aired_out, layout_onion_city, serial_shops, shop,
          nicolae_shop_crystal, shop, nicolae_shop_advertising_works
          [nicolae_subvault_shop_adworks], nicolae_shop_rolling_square,
          basic_altar, portal_desolation_entry_salt,
          kennysheep_underground_church, minivault_28, uniq_azrael
Elf:2:    nicolae_elf_blades_crystal_corner, layout_loops_corners, serial_shops,
          nicolae_shop_pleasant_corner_grove, gammafunk_ghost_split
Elf:3:    elf_hall_gauntlet_narrow, layout_geoelf_octagon, serial_shops, shop,
          minmay_shop_star
Vaults:1: nicolae_vaults_trapezoid_2, vaults_dpeg_cross, v_misc_28,
          nicolae_vaults_storage_closets_3, vaults_mumra_hex,
          hangedman_vaults_capsules, nicolae_vaults_rhombus_6,
          layout_vaults_quadrants, uniq_asterion
Vaults:2: ontoclasm_vaults_twist, v_misc_12, grunt_vaults_twisty,
          vaults_room_stairs_pillars, hangedman_vaults_maws, st_hourglassy,
          hangedman_vaults_trim, v_misc_29, v_misc_1,
          ontoclasm_vaults_decontamination, layout_vaults_ring,
          nicolae_trove_entry_crossroad, serial_shops, shop
Vaults:3: grunt_vaults_swirl, vaults_mumra_chevron_long,
          vaults_room_glass_cross, nicolae_vaults_sesquioval_fish,
          minmay_crypt_entry_simple_plaza, vaults_room_pools, v_rooms_2,
          nicolae_vaults_house_3, nicolae_vaults_door_testing_chamber,
          nicolae_vaults_tetromino_L_1, nicolae_vaults_shelves_hall,
          grunt_vaults_hallway_short, nicolae_vaults_closet_pinwheel_1,
          nicolae_vaults_border_crossing, nicolae_vaults_trapezoid_3,
          layout_vaults_big_cross
Vaults:4: v_rooms_6, hangedman_vaults_stagger, ontoclasm_vaults_tryst,
          nicolae_vaults_doubleplus_tesselated, v_misc_4,
          layout_vaults_chaotic_city, uniq_bai_suzhen
Depths:1: minmay_the_grid_square_5x5_5x5_mashed
          [minmay_the_grid_square_5x5_inner_i,
          minmay_the_grid_square_5x5_corner,
          minmay_the_grid_square_5x5_intrusive_squares,
          minmay_the_grid_square_5x5_pentomino_r,
          minmay_the_grid_square_5x5_shuriken,
          minmay_the_grid_square_5x5_hollow_slash,
          minmay_the_grid_square_5x5_prize_gold,
          minmay_the_grid_square_5x5_two_walls_b,
          minmay_the_grid_square_5x5_prize_monsterx,
          minmay_the_grid_square_5x5_gyroscope, minmay_the_grid_square_5x5_n,
          minmay_the_grid_square_5x5_bite,
          minmay_the_grid_square_5x5_prize_rear_guard,
          minmay_the_grid_square_5x5_inverted_slash,
          minmay_the_grid_square_5x5_longway,
          minmay_the_grid_square_5x5_shrine2,
          minmay_the_grid_square_5x5_prize_junk, minmay_the_grid_square_5x5_six,
          minmay_the_grid_square_5x5_prize_itemx, minmay_the_grid_square_5x5_c,
          minmay_the_grid_square_5x5_fancy_junction,
          minmay_the_grid_square_5x5_checkered_sparse,
          minmay_the_grid_square_5x5_detours,
          minmay_the_grid_square_5x5_checkered_statues,
          minmay_the_grid_square_5x5_three], layout_gridlike,
          grunt_mini_vestibule, rand_demon_pan_entry_4, hangedman_glass_teeth,
          minmay_hidden_floor
Depths:2: hangedman_hanging_gardens, layout_gridlike, serial_glass,
          glass_columns_b, glass_columns_a, hell_entry, rand_demon_pan_entry_7,
          minmay_staircase_bubble, uniq_saint_roka
Depths:3: nicolae_cairo_tiling_large, layout_gridlike, abyss_entry, pan_entry,
          pf_dread_powers_of_hell, serial_shops, shop,
          infiniplex_staircase_pool_2, uniq_xtahua
Depths:4: grunt_zot_entry_funnels, layout_honeycomb, enter_ziggurat_f,
          hangedman_decor_clover_reticule, grunt_hell_entry_dis_grunt,
          nicolae_shop_vocational, uniq_enchantress, uniq_grunn, uniq_sojobo
Zot:1:    layout_cathedral_of_symmetry
Zot:2:    layout_basic, st_single_dragon_hoard_3, uniq_tiamat
Zot:3:    layout_misc_corridors
Zot:4:    layout_gridlike
Zot:5:    layout_gridlike

Skill      XL: |  1  2  3  4  5  6  7  8  9 10 11 12 13 14 15 16 17 18 19 20 21 22 23 24 25 26 |
---------------+-------------------------------------------------------------------------------+-----
Stealth        | 1 2 5 |  5.0
Fighting       | 2 3 6 7 10 12 14 18 19 21 22 23 24 | 24.3
Axes           | 2 3 |  3.8
Shapeshifting  | 1 2 3 4 5 7 8 10 | 10.0
Shields        | 2 3 4 6 8 9 11 12 13 15 | 15.0
Maces & Flails | 1 3 5 9 12 13 15 16 17 18 19 20 23 26 27 | 27.0
Dodging        | 3 5 6 8 11 12 13 15 16 17 18 | 18.3
Throwing       | 2 5 6 8 9 12 13 | 13.0
Evocations     | 6 8 10 11 14 15 | 15.0
Translocations | 6 8 10 | 10.1
Spellcasting   | 3 |  3.0
Transmutations | 3 5 |  5.0

Action                     |  1- 3 |  4- 6 |  7- 9 | 10-12 | 13-15 | 16-18 | 19-21 | 22-24 | 25-27 || total
---------------------------+-------+-------+-------+-------+-------+-------+-------+-------+-------++-------
  Melee: Club              |    29 |       |       |       |       |       |       |       |       ||    29
         Tailslap          |    10 |     9 |    48 |   115 |   379 |   470 |   622 |   409 |   123 ||  2185
         War axe           |   104 |   101 |       |       |       |       |       |       |       ||   205
         Morningstar       |       |    13 |   333 |   674 |  1933 |  2381 |  1984 |       |       ||  7318
         Demon whip        |       |       |       |       |       |       |   448 |  1765 |       ||  2213
         Eveningstar       |       |       |       |       |       |       |       |    91 |   425 ||   516
  Throw: Throwing net      |       |     2 |       |     1 |       |       |       |       |       ||     3
         Dart              |       |       |       |    31 |   120 |    61 |    46 |    77 |    21 ||   356
         Boomerang         |       |       |       |     4 |    25 |   196 |    24 |       |       ||   249
         Javelin           |       |       |       |       |       |       |    15 |     9 |       ||    24
   Cast: Apportation       |       |       |       |       |       |       |       |     1 |       ||     1
         Blink             |       |       |       |       |       |       |       |       |     2 ||     2
 Invoke: Potion Petition   |       |       |     1 |       |     2 |     3 |     2 |     2 |     1 ||    11
         Call Merchant     |       |       |       |     2 |       |     2 |     2 |       |       ||     6
         Bribe Branch      |       |       |       |       |       |       |       |       |     1 ||     1
Ability: Breathe Lightning |       |       |     5 |     8 |    43 |    26 |    24 |     7 |     1 ||   114
  Evoke: Wand              |     2 |    11 |     2 |     7 |     3 |    10 |    17 |    17 |     4 ||    73
         Phantom mirror    |       |       |       |       |     1 |       |       |       |       ||     1
    Use: Scroll            |       |     2 |     2 |     7 |    17 |     5 |    23 |    14 |    13 ||    83
         Potion            |       |     1 |     3 |     7 |     7 |    13 |     8 |    24 |     5 ||    68
   Stab: Sleeping          |     1 |     2 |     4 |     2 |     8 |     1 |     1 |    15 |    17 ||    51
         Held in net/web   |       |     1 |       |       |       |       |       |       |       ||     1
         Invisible         |       |       |     2 |       |     4 |    18 |       |       |       ||    24
         Distracted        |       |       |     2 |       |     7 |    12 |     3 |    32 |    27 ||    83
 Armour: Skin              |    88 |    64 |   169 |   370 |  1017 |  1465 |  1243 |   639 |   128 ||  5183
  Dodge: Dodged            |   110 |    50 |   122 |   218 |   699 |  1007 |   873 |   824 |   171 ||  4074
         Repelled          |       |       |       |       |       |    12 |    28 |    37 |    11 ||    88
  Block: Kite shield       |    26 |    54 |   176 |   312 |  1089 |  1320 |  1199 |  1230 |   260 ||  5666
         Buckler           |       |       |       |       |    73 |       |       |       |       ||    73
         Reflection        |       |       |       |       |    22 |    35 |    49 |    30 |     2 ||   138
   Form: Beast             |     1 |       |     1 |       |       |       |       |       |       ||     2
                           |       |       |     1 |       |     1 |       |       |       |       ||     2

Table legend: (Time is in decaauts)
 A = Elapsed time spent in this place.
 B = Non-inter-level travel time spent in this place.
 C = Inter-level travel time spent in this place.
 D = Time resting spent in this place.
 E = Time spent auto-exploring this place.
 F = Levels seen in this place.
 G = Mean time per level.
                   A        B        C        D        E       F      G
               +--------+--------+--------+--------+--------+-----+--------+
         Total |  87597 |  77540 |  10057 |  15337 |  34840 |  58 | 1510.3 |
       Dungeon |  21559 |  17787 |   3772 |   2495 |  10200 |  15 | 1437.3 |
          Lair |  12093 |  10610 |   1483 |   3104 |   5092 |   5 | 2418.6 |
         Swamp |   4393 |   4065 |    328 |    711 |   1357 |   4 | 1098.2 |
   Spider Nest |   6832 |   6214 |    618 |   1096 |   2638 |   4 | 1708.0 |
    Slime Pits |   5229 |   4822 |    407 |   1563 |   1220 |   5 | 1045.8 |
  Orcish Mines |   4002 |   3088 |    914 |    343 |   1541 |   2 | 2001.0 |
   Elven Halls |   5873 |   5253 |    620 |    997 |   2175 |   3 | 1957.7 |
        Vaults |   7765 |   7243 |    522 |    916 |   4129 |   4 | 1941.2 |
        Depths |   9136 |   8060 |   1076 |   1567 |   3286 |   4 | 2284.0 |
           Zot |   7307 |   6996 |    311 |   1721 |   3191 |   5 | 1461.4 |
         Abyss |   3300 |   3300 |      0 |    819 |      9 |   5 |  660.0 |
         Trove |     74 |     74 |      0 |      0 |      0 |   1 |   74.0 |
        Bailey |     28 |     28 |      0 |      0 |      0 |   1 |   28.0 |
               +--------+--------+--------+--------+--------+-----+--------+

Top non-repeatable levels by time:
   Orc:2: 3213 daAuts
  Lair:3: 3040 daAuts
     D:9: 2962 daAuts
Depths:1: 2821 daAuts
  Lair:5: 2811 daAuts
  Lair:2: 2681 daAuts
    D:15: 2676 daAuts
Depths:4: 2521 daAuts
Spider:2: 2463 daAuts
Vaults:3: 2392 daAuts
Depths:2: 2355 daAuts
 Abyss:2: 2250 daAuts
   Elf:2: 2185 daAuts
Vaults:4: 2110 daAuts
   Zot:2: 2002 daAuts
